 Dungeon Crawl Stone Soup version 0.31-a0-358-gac0dbeb3ab (webtiles) character file.

Game seed: 8358938163657396886

149 Essalna the Gusty (level 5, 0/31 HPs)
             Began as a Tengu Air Elementalist on July 26, 2023.
             Killed from afar by an orc wizard (9 damage)
             ... with a puff of flame
             ... on level 3 of the Dungeon.
             The game lasted 00:04:52 (2529 turns).

Essalna the Gusty (Tengu Air Elementalist)          Turns: 2529, Time: 00:04:53

Health: 0/31       AC:  0    Str:  8    XL:     5   Next: 31%
Magic:  1/9        EV: 14    Int: 18    God:
Gold:   154        SH:  0    Dex: 14    Spells: 5/8 levels left

rFire   . . .        n - +1 whip (venom)
rCold   . . .        (no shield)
rNeg    . . .        (no body armour)
rPois   .            (helmet restricted)
rElec   .            (no cloak)
rCorr   .            (no gloves)
SInv    .            (boots unavailable)
Will    .....        i - amulet of regeneration
Stlth   +            (no ring)
HPRegen 1.05/turn    (no ring)
MPRegen 0.11/turn

%: no passive effects
@: confused, flying quickly and evasively, quick
A: beak, talons 3, nimble flight
a: no special abilities


You were on level 3 of the Dungeon.
You visited 1 branch of the dungeon, and saw 3 of its levels.

You collected 154 gold pieces.

Inventory:

Hand Weapons
 f - a +0 rapier
 n - a +1 whip of venom (weapon)
Missiles
 g - a throwing net
Armour
 a - a +0 robe
 c - a +3 leather armour
Jewellery
 i - an amulet of regeneration (around neck)
Wands
 m - a wand of polymorph (14)
Scrolls
 d - 4 scrolls of identify {unknown}
 l - a scroll of blinking {unknown}
 p - a scroll of enchant weapon {unknown}
Potions
 b - a potion of magic
 e - 2 potions of curing
 h - a potion of haste {unknown}
 j - 2 potions of might {unknown}
 k - a potion of attraction {unknown}
 o - a potion of resistance {unknown}


   Skills:
 + Level 2.6 Fighting
 - Level 2.1 Dodging
 - Level 2.0 Stealth
 + Level 2.4 Spellcasting
 + Level 3.9 Conjurations
 - Level 5.0 Air Magic


You had 5 spell levels left.
You knew the following spells:

 Your Spells              Type           Power      Damage    Failure   Level
a - Shock                 Conj/Air       72%        1d7       2%          1
b - Searing Ray           Conj           32%        2d5       5%          2

Your spell library contained the following spells:

 Spells                   Type           Power      Damage    Failure   Level
 Magic Dart               Conj           64%        1d6       3%          1
 Static Discharge         Conj/Air       36%        2-4/arc   4%          2
 Swiftness                Air            20%        N/A       7%          3
 Airstrike                Air            10%        2d(2-18)  22%         4
 Ozocubu's Armour         Ice            2%         N/A       45%         3
 Fulminant Prism          Conj/Hex       4%         3d5       61%         4
 Ozocubu's Refrigeration  Ice            1%         4d7       100%        7


Dungeon Overview and Level Annotations

Branches:
Dungeon (3/15)

Altars:

Annotations:
D:3 3 runed translucent doors, mn3067's ghost, amateur MfSh; whodunnit's ghost, amateur MeHu


Innate Abilities, Weirdness & Mutations

You have a beak for a mouth.
You have claws for feet.
Your magical nature lets you fly swiftly and evasively.


Message History

The orc wizard gestures wildly while chanting.
The orc wizard flickers and vanishes!
Deactivating autopickup; reactivate with Ctrl-A.
The zap hits the orc priest.
The orc priest is moderately wounded.
The zap hits something.
The orc priest looks encouraged for a moment.
The zap misses the orc priest.
The zap hits something.
The zap hits the orc priest.
The orc priest is heavily wounded.
The zap hits something.
The zap hits the orc priest!
The orc priest is almost dead.
The zap hits something.
The orc priest hits you with a +0 whip.
The zap misses the orc priest.
The orc priest invokes the aid of Beogh against you.
You barely resist.
The zap hits the orc priest.
You kill the orc priest!
You hear some strange, mumbled words.
You are confused.
You are out of magic!
Something hits you.
You hear some strange, mumbled words.
A puff of flame appears from out of thin air!
The puff of flame hits you!
You hear some strange, mumbled words.
You are more confused.
You hear some strange, mumbled words.
A magic dart appears from out of thin air!
The magic dart hits you! Something hits you.
* * * LOW HITPOINT WARNING * * *
You bump into the rock wall.
Something hits you.
* * * LOW HITPOINT WARNING * * *
You bump into the rock wall.
You hear some strange, mumbled words.
A puff of flame appears from out of thin air!
The puff of flame hits you!
You die...

......##.................#
#...##
..#......................###<.>#
....####.#..............##...###
.#### .................###.###
.# #.##...####.#(...## #.# ..#
#. #...# #>####.####.# ..# #
#...# #†# #......# ..# #...# #.#
##.##### ..# #@# #.# #{# ### #.#
#.# ... ... .). .....


There were no monsters in sight!

Vanquished Creatures
  An orc priest (D:3)
  Terence (D:2)
  3 adders (D:2)
  2 worms
  A dart slug (D:1)
  An orc (D:3)
  5 endoplasms
  3 giant cockroaches (D:2)
  7 goblins
  6 hobgoblins
  4 quokkas
  5 ball pythons
  2 bats
  8 frilled lizards
  7 kobolds
  6 rats
62 creatures vanquished.

Notes
Turn   | Place    | Note
-------+----------+-------------------------------------------
     0 | D:1      | Essalna the Tengu Air Elementalist began the quest for the
                  | Orb.
     0 | D:1      | Reached XP level 1. HP: 10/10 MP: 4/4
   297 | D:1      | Reached XP level 2. HP: 16/16 MP: 0/6
   395 | D:1      | Reached skill level 1 in Fighting
   840 | D:1      | Reached XP level 3. HP: 20/20 MP: 4/7
  1189 | D:2      | Learned a level 2 spell: Searing Ray
  1505 | D:2      | Reached XP level 4. HP: 23/26 MP: 3/8
  1591 | D:2      | Reached skill level 5 in Air Magic
  1785 | D:2      | Noticed Terence
  1830 | D:2      | Killed Terence
  2336 | D:3      | Found a runed translucent gate.
  2336 | D:3      | Found a runed translucent gate.
  2336 | D:3      | Found a runed translucent gate.
  2337 | D:3      | Noticed mn3067's ghost (amateur MfSh)
  2338 | D:3      | Noticed whodunnit's ghost (amateur MeHu)
  2384 | D:3      | Gained mutation: Your magical nature lets you fly swiftly
                  | and evasively. [Tengu growth]
  2384 | D:3      | Reached XP level 5. HP: 31/31 MP: 5/9
  2529 | D:3      | Killed from afar by an orc wizard

Illustrated notes

Levels and vault maps discovered:
D:1:      scummos_arrival_gate, layout_loops_ring, bh_walls_and_bars
D:2:      layout_basic, uniq_terence
D:3:      layout_rooms, nicolae_hepliaklqana_monster_ancestors, minitemple,
          gammafunk_ghost_cemetery

Skill      XL: |  1  2  3  4 |
---------------+-------------+-----
Conjurations   | 2 3 |  3.9
Fighting       | 1 2 |  2.6
Air Magic      | 5 |  5.0
Dodging        | |  2.1
Stealth        | |  2.0
Spellcasting   | |  2.4

Action                     |  1- 3 |  4- 6 || total
---------------------------+-------+-------++-------
  Melee: Unarmed           |    13 |       ||    13
         Peck              |     4 |     2 ||     6
         Kick              |     3 |     1 ||     4
         Rapier            |    13 |     4 ||    17
         Whip              |       |     2 ||     2
   Cast: Shock             |    76 |    45 ||   121
    Use: Scroll            |     2 |       ||     2
         Potion            |     1 |       ||     1
   Stab: Sleeping          |       |     2 ||     2
 Armour: Robe              |     9 |       ||     9
  Dodge: Dodged            |    41 |     3 ||    44

Table legend: (Time is in decaauts)
 A = Elapsed time spent in this place.
 B = Non-inter-level travel time spent in this place.
 C = Inter-level travel time spent in this place.
 D = Time resting spent in this place.
 E = Time spent auto-exploring this place.
 F = Levels seen in this place.
 G = Mean time per level.
                   A        B        C        D        E       F      G
               +--------+--------+--------+--------+--------+-----+--------+
         Total |   2525 |   2500 |     25 |      0 |   2142 |   3 |  841.7 |
       Dungeon |   2525 |   2500 |     25 |      0 |   2142 |   3 |  841.7 |
               +--------+--------+--------+--------+--------+-----+--------+

Top non-repeatable levels by time:
     D:2: 1145 daAuts
     D:1: 1058 daAuts
     D:3: 321 daAuts
